 Dungeon Crawl Stone Soup version 0.27-a0-34-gc18c9092ac (webtiles) character file.

Game seed: 15709791253584510512

84 teolandon225 the Sneak (level 4, -2/21 HPs)
             Began as a Spriggan Enchanter on Jan 4, 2021.
             Slain by an iron imp (10 damage)
             ... on level 3 of the Dungeon.
             The game lasted 00:09:48 (4263 turns).

teolandon225 the Sneak (Spriggan Enchanter)         Turns: 4263, Time: 00:09:49

Health: -2/21      AC:  2    Str:  4    XL:     4   Next: 24%
Magic:  10/10      EV: 19    Int: 16    God:
Gold:   242        SH:  0    Dex: 17    Spells: 6/9 levels left

rFire    . . .     SeeInvis +   i - +3 dagger (speed)
rCold    . . .     Faith    .   (shield restricted)
rNeg     . . .     Spirit   .   b - +0 robe
rPois    .         Reflect  .   (helmet restricted)
rElec    .         Harm     .   (no cloak)
rCorr    .         Rampage  .   (gloves unavailable)
Will     .....                  (boots unavailable)
Stlth    +++.......             (no amulet)
HPRegen  0.07/turn              (no ring)
MPRegen  0.12/turn              (no ring)

@: very quick
A: very small, unfitting armour, see invisible, speed 3
a: no special abilities


You were on level 3 of the Dungeon.
You visited 1 branch of the dungeon, and saw 3 of its levels.

You collected 242 gold pieces.

Inventory:

Hand Weapons
 a - a +1 dagger
 i - a +3 dagger of speed (weapon)
Armour
 b - a +0 robe (worn)
Jewellery
 g - an uncursed ring of resist corrosion {unknown}
 k - a cursed amulet of inaccuracy {unknown}
 l - an uncursed ring of magical power {unknown}
Scrolls
 c - a scroll of random uselessness {unknown}
 e - 2 scrolls of teleportation
Potions
 d - a potion of invisibility {unknown}
 j - a potion of lignification
 o - a potion of attraction
 p - a potion of curing {unknown}


   Skills:
 + Level 0.5 Fighting
 * Level 2.4 Short Blades
 + Level 3.6 Dodging
 * Level 5.5 Stealth
 + Level 3.4 Spellcasting
 + Level 3.9 Hexes


You had 6 spell levels left.
You knew the following spells:

 Your Spells              Type           Power        Failure   Level
a - Corona                Hex            16%          3%          1
e - Ensorcelled Hibernat  Hex/Ice        18%          12%         2

Your spell library contained the following spells:

 Spells                   Type           Power        Failure   Level
 Confusing Touch          Hex            15%          11%         3
 Tukima's Dance           Hex            15%          11%         3
 Beastly Appendage        Tmut           4%           19%         1
 Dazzling Flash           Conj/Hex       18%          24%         3
 Wereblood                Tmut           2%           26%         2
 Spider Form              Tmut/Pois      1%           47%         3
 Ice Form                 Ice/Tmut       2%           87%         4
 Blade Hands              Tmut           1%           99%         5


Dungeon Overview and Level Annotations

Branches:
Dungeon (3/15)

Altars:
Cheibriados
Makhleb
Ru
Zin


Innate Abilities, Weirdness & Mutations

You are very small and have problems with some larger weapons.
You are too small for most types of armour.
You have supernaturally acute eyesight. (SInv)
You cover ground extremely quickly.


Message History

The iron imp is moderately wounded.
You hit the iron imp.
The iron imp is severely wounded.
The iron imp barely misses you.
You hit the iron imp.
The iron imp is severely wounded.
You hit the iron imp but do no damage.
The iron imp is severely wounded.
The iron imp hits you!
You closely miss the iron imp.
The iron imp is severely wounded.
You hit the iron imp.
The iron imp is severely wounded.
The iron imp misses you.
You hit the iron imp.
The iron imp is almost dead.
You hit the iron imp but do no damage.
The iron imp is almost dead.
The iron imp hits you!
You die...

#......##.#....#.##§§§......§§
#..............#.##.≈≈§.._...§
#......#.......#.##.≈≈5......§
######.#.........##...........
#.#..........############
#.'..........##..†#
###.........>####.#
..#######......5........#
#.............@......####
###################..#####
####### #.............#
........# #.##..........#
#........# #.##.###......#
#........# #.............#
#........# #####.##.#....#
#........# #.##.....##
#........##### ##....###.#


You could see an iron imp.

Vanquished Creatures
  An adder (D:2)
  2 oozes (D:2)
  A worm (D:2)
  A dart slug (D:2)
  An orc (D:2)
  3 giant cockroaches
  7 goblins
  6 hobgoblins
  8 jackals
  10 kobolds
  2 ball pythons
  5 bats
  4 frilled lizards
  6 rats
57 creatures vanquished.

Notes
Turn   | Place    | Note
-------+----------+-------------------------------------------
     0 | D:1      | teolandon225 the Spriggan Enchanter began the quest for the
                  | Orb.
     0 | D:1      | Reached XP level 1. HP: 9/9 MP: 5/5
   721 | D:1      | Reached XP level 2. HP: 13/13 MP: 6/6
   726 | D:1      | Learned a level 2 spell: Ensorcelled Hibernation
  2051 | D:2      | Found a glowing silver altar of Zin.
  2114 | D:2      | Reached skill level 5 in Stealth
  2114 | D:2      | Reached XP level 3. HP: 10/16 MP: 1/8
  2702 | D:2      | Found a transporter.
  2707 | D:2      | Found a transporter.
  2718 | D:2      | Found a snail-covered altar of Cheibriados.
  2829 | D:2      | Found a sacrificial altar of Ru.
  2986 | D:2      | Reached XP level 4. HP: 21/21 MP: 6/9
  3542 | D:3      | Found a burning altar of Makhleb.
  4263 | D:3      | Slain by an iron imp

Illustrated notes

Levels and vault maps discovered:
D:1:      dpeg_arrival_three_same_balls, layout_loops_cross, hex_large
D:2:      minmay_inner_zag, layout_rooms, nicolae_ru_sacrificial_ziggurat,
          gammafunk_temple_overflow_arena, lemuel_altar_in_water
D:3:      minmay_goblin_kobold_castle, layout_basic, demons_altar

Skill      XL: |  1  2 |
---------------+-------+-----
Short Blades   | 2 |  2.4
Spellcasting   | 3 |  3.4
Stealth        | 5 |  5.5
Fighting       | |  0.5
Dodging        | |  3.6
Hexes          | |  3.9

Action                   |  1- 3 |  4- 6 || total
-------------------------+-------+-------++-------
Melee: Dagger            |   203 |   101 ||   304
 Cast: Corona            |     3 |     1 ||     4
       Ensorcelled Hiber |    15 |     7 ||    22
  Use: Potion            |     1 |       ||     1
       Scroll            |       |     7 ||     7
 Stab: Sleeping          |    12 |     6 ||    18
Armor: Robe              |    11 |       ||    11
       Skin              |    16 |       ||    16
Dodge: Dodged            |   126 |    44 ||   170

Table legend: (Time is in decaauts)
 A = Elapsed time spent in this place.
 B = Non-inter-level travel time spent in this place.
 C = Inter-level travel time spent in this place.
 D = Time resting spent in this place.
 E = Time spent auto-exploring this place.
 F = Levels seen in this place.
 G = Mean time per level.
                   A        B        C        D        E       F      G
               +--------+--------+--------+--------+--------+-----+--------+
         Total |   3462 |   3322 |    140 |   1022 |   1521 |   3 | 1154.0 |
       Dungeon |   3462 |   3322 |    140 |   1022 |   1521 |   3 | 1154.0 |
               +--------+--------+--------+--------+--------+-----+--------+

Top non-repeatable levels by time:
     D:1: 1925 daAuts
     D:2: 920 daAuts
     D:3: 616 daAuts
